 Dungeon Crawl Stone Soup version 0.22-a0-866-geee50340df (webtiles) character file.

86 Htamos the Ruffian (level 4, -1/44 HPs)
             Began as a Troll Fighter on July 28, 2018.
             Was an Initiate of Okawaru.
             Slain by an orc
             ... wielding a +0 short sword
              (4 damage)
             ... on level 3 of the Dungeon.
             The game lasted 00:02:30 (1535 turns).

Htamos the Ruffian (Troll Fighter)                  Turns: 1535, Time: 00:02:30

Health: -1/44      AC:  5    Str: 25    XL:     4   Next: 26%
Magic:  3/3        EV:  6    Int:  4    God:    Okawaru [......]
Gold:   142        SH: 14    Dex:  9    Spells: 3/3 levels left

rFire    . . .     SeeInvis .     - Unarmed
rCold    . . .     Gourm    +   h - +0 large shield
rNeg     . . .     Faith    .   a - +0 robe
rPois    .         Spirit   .   (helmet restricted)
rElec    .         Reflect  .   (no cloak)
rCorr    .         Harm     .   (gloves unavailable)
MR       .....                  (boots unavailable)
Stlth    +.........             (no amulet)
HPRegen  0.54/turn              (no ring)
MPRegen  0.08/turn              (no ring)

@: hasted, very quick
A: large, unfitting armour, claws 3, fast metabolism 3, gourmand, regeneration
1, shaggy fur 1, tough skin 2
a: Renounce Religion


You were on level 3 of the Dungeon.
You worshipped Okawaru.
Okawaru was noncommittal.
You were completely stuffed.

You visited 1 branch of the dungeon, and saw 3 of its levels.

You collected 142 gold pieces.

Inventory:

Armour
 a - a +0 robe (worn)
 h - a +0 large shield (worn)
Scrolls
 g - 2 scrolls of remove curse {unknown}
 i - a scroll of teleportation {unknown}
 j - 2 scrolls of identify {unknown}
 k - 2 scrolls of magic mapping {unknown}
 m - a scroll of noise {unknown}
Potions
 b - a potion of haste
 c - a potion of might
 e - a potion of heal wounds
 f - a potion of flight {unknown}
 l - a potion of curing {unknown}
 n - a potion of lignification {unknown}
 o - a potion of degeneration {unknown}
Comestibles
 d - 5 rations
 p - 4 chunks of flesh


   Skills:
 - Level 2.7 Fighting
 - Level 2.4 Dodging
 * Level 2.9 Shields
 * Level 3.9 Unarmed Combat


You had 3 spell levels left.
You didn't know any spells.
Your spell library contained the following spells:

 Spells                   Type           Power        Failure   Level  Hunger
 Corpse Rot               Necr           N/A          100%        2    ###....
 Stone Arrow              Conj/Erth      #.....       100%        3    ####...
 Leda's Liquefaction      Hex/Erth       #.........   100%        4    #####..
 Summon Hydra             Summ           #.........   100%        7    #######
 Summon Forest            Summ/Tloc      #.........   100%        5    ######.
 Hydra Form               Tmut           #.........   100%        6    #######


Dungeon Overview and Level Annotations

Branches:
Dungeon (3/15)

Altars:
Okawaru
Wu Jian


Innate Abilities, Weirdness & Mutations

You are too large for most types of armour.
You have claws for hands.
Your metabolism is lightning-fast.
You like to eat raw meat.
Your natural rate of healing is unusually fast.
You are covered in fur. (AC +1)
You have very tough skin. (AC +2)


Message History

It was a potion of haste.
You feel yourself speed up. You block the orc's attack.
You block the rat's attack. The orc hits you with a short sword.
* * * LOW HITPOINT WARNING * * *
Unknown command.
It was a potion of heal wounds.
You feel much better. The bat hits you but does no damage.
The orc priest mumbles some strange prayers to Beogh against you.
Pain shoots through your body!
* * * LOW HITPOINT WARNING * * *
You block the rat's attack. The orc hits you but does no damage.
You scratch the orc priest but do no damage.
The bat hits you but does no damage. You block the orc's attack.
The orc priest calls down the wrath of Beogh upon you.
Beogh smites you!
* * * LOW HITPOINT WARNING * * *
The rat bites you.
* * * LOW HITPOINT WARNING * * *
The orc hits you with a short sword.
You die...

......................
........................
.†......................
.........(..............
(.......................
.†..............%.......
........................
.<..............o.......
................@b......
[..............oro......
.....#########..##.....#
.....## #..# .....#
......# ##.# ....#
......# #.. ....#
###...# ##.# ...# #####
.. ...#


You could see an orc priest, 2 orcs, a bat and a rat.

Vanquished Creatures
  2 oozes
  5 worms (D:2)
  3 dart slugs (D:1)
  A leopard gecko (D:2)
  2 orcs (D:3)
  2 ball pythons
  5 giant cockroaches
  5 goblins
  5 hobgoblins
  2 quokkas
  6 bats
  2 frilled lizards
  7 kobolds
  8 rats (D:1)
55 creatures vanquished.

Notes
Turn   | Place    | Note
-------+----------+-------------------------------------------
     0 | D:1      | Htamos the Troll Fighter began the quest for the Orb.
     0 | D:1      | Reached XP level 1. HP: 22/22 MP: 0/0
    42 | D:1      | Reached XP level 2. HP: 28/29 MP: 1/1
   225 | D:1      | Found an iron altar of Okawaru.
   258 | D:1      | Became a worshipper of Warmaster Okawaru
   298 | D:1      | Reached skill level 3 in Unarmed Combat
   432 | D:1      | Reached XP level 3. HP: 36/36 MP: 2/2
  1389 | D:2      | Found an ornate altar of the Wu Jian Council.
  1393 | D:2      | Reached XP level 4. HP: 44/44 MP: 3/3
  1535 | D:3      | Slain by an orc

Vault maps used:
D:1:      evilmike_arrival_rings, minmay_misc_feat_four_crosses,
          okawaru_ov_weapons_minmay
D:2:      lemuel_coloured_pillars_altar, kennysheep_generic_room_13
D:3:      minitemple, nicolae_overflow_hidden_temple, first_ration

Skill      XL: |  1  2 |
---------------+-------+-----
Unarmed Combat | 3 |  3.9
Fighting       | |  2.7
Dodging        | |  2.4
Shields        | |  2.9

Action                   |  1- 3 |  4- 6 || total
-------------------------+-------+-------++-------
Melee: Unarmed           |   124 |    22 ||   146
  Use: Potion            |       |     2 ||     2
 Stab: Sleeping          |     1 |       ||     1
  Eat: Chunk             |    17 |     3 ||    20
Armor: Robe              |    29 |     8 ||    37
Dodge: Dodged            |    20 |     6 ||    26
Block: Shield            |    25 |       ||    25
       Large shield      |    36 |    21 ||    57

Table legend:
 A = Spawn XP
 B = Non-spawn XP
 C = Spawn XP percentage of total XP
 D = Spawn monster count
 E = Non-spawn monster count
 F = Spawn count percentage of total count
 G = Total turns spent on level
                    A         B        C        D         E        F      G
               +---------+---------+-------+---------+---------+-------+---------
         Total |       0 |     123 |   0.0 |       0 |      55 |   0.0 |  1535
               +---------+---------+-------+---------+---------+-------+---------
           D:1 |       0 |      53 |   0.0 |       0 |      28 |   0.0 |   963
           D:2 |       0 |      47 |   0.0 |       0 |      17 |   0.0 |   500
           D:3 |       0 |      23 |   0.0 |       0 |      10 |   0.0 |    72
               +---------+---------+-------+---------+---------+-------+---------
